 Dungeon Crawl Stone Soup version 0.16-a0-3933-g06ce5c0 (webtiles) character file.

5962 abixa the Frost Mage (level 10, 68/68 HPs)
             Began as an Octopode Ice Elementalist on Feb 5, 2015.
             Was a Believer of Dithmenos.
             Quit the game on level 9 of the Dungeon.
             The game lasted 00:49:43 (12742 turns).

abixa the Frost Mage (Octopode Ice Elementalist)   Turns: 12742, Time: 00:49:44

Health: 68/68      AC:  1    Str:  8    XL:     10   Next: 84%
Magic:  19/19      EV: 17    Int: 18    God:    Dithmenos [**....]
Gold:   584        SH:  0    Dex: 19    Spells: 3 memorised, 7 levels left

rFire  . . .     SeeInvis .     a - +9 long sword of Propriety {slice, rElec Dex+4}
rCold  + . .     Clarity  +     (no shield)
rNeg   . . .     SustAb   .     (helmet restricted)
rPois  .         Gourm    .     n - amulet of clarity
rElec  +         Spirit   .     G - ring of ice
rCorr  .         Warding  .     O - ring of protection from fire
rMut   .         Stasis   .     (no ring)
MR     .....                    (no ring)
Stlth  +++++.....               (no ring)
                                (no ring)
                                (no ring)
                                (no ring)

@: wreathed by umbra, not resistant to hostile enchantments, quite stealthy
A: almost no armour, amphibious, 8 rings, constrict 8, camouflage 1, gelatinous
body 1
a: Shadow Step, Renounce Religion


You were on level 9 of the Dungeon.
You worshipped Dithmenos.
Dithmenos was pleased with you.
You were hungry.

You visited 3 branches of the dungeon, and saw 11 of its levels.

You collected 584 gold pieces.

Inventory:

Hand weapons
 a - the +9 long sword of Propriety (weapon) {slice, rElec Dex+4}
   (You found it on level 4 of the Dungeon)

   It inflicts extra damage upon your enemies.
   It affects your dexterity (+4).
   It insulates you from electricity.
 b - a +1 hunting sling
 H - a +0 trident
 I - a +0 mace of protection
 K - a +0 blowgun
 P - a +1 dagger of venom
Missiles
 g - 64 sling bullets
 o - 215 stones (quivered)
 v - 21 poisoned needles
 E - 2 javelins
 V - 2 throwing nets
Jewellery
 k - an uncursed ring of teleportation
 n - an amulet of clarity (around mantle)
 G - a ring of ice (left tentacle)
 O - a ring of protection from fire (right tentacle)
Magical devices
 x - a wand of fire (4)
 D - a wand of polymorph (13)
 Y - a wand of digging (11)
Scrolls
 f - 8 scrolls of teleportation
 i - 3 scrolls of blinking
 j - 3 scrolls of identify {unknown}
 m - 2 scrolls of enchant weapon
 p - 8 scrolls of remove curse
 q - 2 scrolls of fog
 s - 2 scrolls of noise {unknown}
 y - 2 scrolls of fear {unknown}
 J - a scroll of amnesia {unknown}
 L - 2 scrolls of acquirement {unknown}
 Q - a scroll of recharging {unknown}
 R - a scroll of enchant armour {unknown}
 T - 2 scrolls of random uselessness {unknown}
Potions
 e - 3 potions of agility {unknown}
 h - 4 potions of invisibility {unknown}
 l - 2 potions of brilliance {unknown}
 r - 2 potions of cure mutation {unknown}
 u - a potion of might {unknown}
 C - 2 potions of curing
 F - 3 potions of heal wounds {unknown}
 M - a potion of lignification {unknown}
 N - a potion of experience {unknown}
 W - a potion of ambrosia {unknown}
 Z - a potion of berserk rage {unknown}
Books
 w - a book of Frost

   Spells                             Type                      Level
   a - Freeze                         Ice                          1
   b - Throw Frost                    Conjuration/Ice              2
   c - Ozocubu's Armour               Charms/Ice                   3
   d - Throw Icicle                   Conjuration/Ice              4
   e - Summon Ice Beast               Ice/Summoning                4
   f - Condensation Shield            Ice                          4
 U - a book of Clouds

   Spells                             Type                      Level
   a - Mephitic Cloud                 Conjuration/Poison/Air       3
   b - Conjure Flame                  Conjuration/Fire             3
   c - Poisonous Cloud                Conjuration/Poison/Air       6
   d - Freezing Cloud                 Conjuration/Ice/Air          6
   e - Ring of Flames                 Charms/Fire                  7
 X - a book of Debilitation

   Spells                             Type                      Level
   a - Corona                         Hexes                        1
   b - Slow                           Hexes                        2
   c - Inner Flame                    Hexes/Fire                   3
   d - Enslavement                    Hexes                        4
   e - Cause Fear                     Hexes                        4
   f - Leda's Liquefaction            Hexes/Earth                  4
Comestibles
 c - 11 bread rations
 d - 2 fruits
 t - 3 meat rations
 z - 3 slices of pizza
 A - 7 beef jerkies
 B - a royal jelly


   Skills:
 + Level 6.0 Fighting
 + Level 6.6 Dodging
 - Level 2.6 Stealth
 + Level 3.3 Spellcasting
   Level 1.0 Conjurations
 + Level 7.3 Charms
 + Level 11.0 Ice Magic


You had 7 spell levels left.
You knew the following spells:

 Your Spells              Type           Power        Failure   Level  Hunger
a - Freeze                Ice            ####         1%          1    None
b - Ozocubu's Armour      Chrm/Ice       ######..     1%          3    ###....
c - Condensation Shield   Ice            ######....   1%          4    ####...


Dungeon Overview and Level Annotations

Branches:
Dungeon (9/15)             Temple (1/1) D:6            Lair (1/8) D:9
    Orc (0/4) D:9

Altars:
Ashenzari
Cheibriados
Dithmenos
Elyvilon
Fedhas
Gozag
Kikubaaqudgha
Makhleb
Nemelex Xobeh
Okawaru
Qazlal
Ru
Sif Muna
Trog
Vehumet
Xom
Yredelemnul
Zin
The Shining One

Shops:
D:4 *   D:9 }

Annotations:
D:3 Absynth's ghost, average DrCj
D:8 ConnectionFaild's ghost, experienced SpAr


Innate Abilities, Weirdness & Mutations

You cannot wear most types of armour.
You are amphibious.
You can wear up to eight rings at the same time.
You can use your tentacles to constrict many enemies at once.
Your skin changes colour to match your surroundings (Stealth).
Your rubbery body absorbs attacks (AC +1).


Message History

Dithmenos accepts your kill.
Your Fighting skill increases to level 6!
You start resting.
You feel sick.
Magic restored.
You feel sick.
You are no longer poisoned.
You start resting.
Your icy armour starts to melt.
You start resting.
Your icy armour evaporates.
You start resting.
Some of the chunks of flesh in your inventory have rotted away.
You start resting.
All of the chunks of flesh in your inventory have rotted away.
You start resting.
You are feeling hungry.
You start resting.
HP restored.
There is a staircase to the Lair here.
Are you sure you want to abandon this character and quit the game? (Confirm with "yes".)

.........#...........)......)#...##
.........#.#....)..#..._.....#...##
........#............#..##.........
......)...........#....#.......#...
...#.....[#...##..)...####.........
..##.#..........#.)###.##..........
..###...#.........#.###...#........
...###..##........).###.#..#)..#8..
....##..##.......@.#..)###.#.>.'...
#....#.......#.....#.#.####....#8..
##.....#.....#..#.##.#..####..#....
##..........##.#..#.#...###.#.#...
##...#...#.##.#.##.#....#####...# #
##..[.#.....####..###...## ##...
###...).........##.#.###...# ##...
.##..#.......#..#.######...# #.##.
#...##(.............###....# ####.


There were no monsters in sight!

Vanquished Creatures
  A troll (D:9)
  Eustachio (D:5)
  4 yaks (D:9)
  A hungry ghost (D:8)
  A hippogriff (D:7)
  Edmund (D:7)
  An ice beast (D:6)
  2 orc warriors (D:9)
  6 ogres
  2 phantoms
  3 sky beasts
  5 boring beetles (D:9)
  2 centaurs (D:9)
  6 giant frogs
  Blork the orc (D:5)
  A wyvern zombie (D:9)
  2 scorpions (D:8)
  20 killer bees
  5 wights (D:9)
  4 crimson imps
  A jelly (D:8)
  A hound (D:9)
  Crazy Yiuf (D:3)
  2 orc priests (D:9)
  2 centaur skeletons
  A gnoll shaman (D:6)
  2 giant frog skeletons
  An iguana (D:6)
  Natasha (thrice) (D:3)
  7 orc wizards
  3 worker ants
  Ijyb (D:5)
  A hound zombie (D:5)
  13 gnolls
  7 adders
  3 giant mites
  2 worms
  An adder skeleton (D:4)
  An adder zombie (D:8)
  3 giant geckos
  2 oozes (D:4)
  35 orcs
  2 ball pythons (D:1)
  13 bats
  A bat skeleton (D:4)
  A bat zombie (D:8)
  12 goblins
  25 hobgoblins
  11 jackals
  18 kobolds
  2 quokkas
  8 giant cockroaches
  A giant gecko skeleton (D:4)
  10 giant newts
  A jackal skeleton (D:8)
  11 rats
278 creatures vanquished.

Notes
Turn   | Place    | Note
--------------------------------------------------------------
     0 | D:1      | abixa, the Octopode Ice Elementalist, began the quest for the Orb.
     0 | D:1      | Reached XP level 1. HP: 11/11 MP: 3/3
   334 | D:1      | Reached XP level 2. HP: 17/17 MP: 1/4
   770 | D:1      | Reached skill level 4 in Ice Magic
   892 | D:1      | Reached XP level 3. HP: 21/21 MP: 3/6
  1066 | D:1      | Learned a level 3 spell: Ozocubu's Armour
  1310 | D:2      | Reached skill level 1 in Charms
  1705 | D:2      | Reached XP level 4. HP: 27/27 MP: 0/7
  1946 | D:2      | Found a shattered altar of Ashenzari.
  2453 | D:3      | Noticed a giant frog
  2462 | D:3      | Killed a giant frog
  2462 | D:3      | Reached XP level 5. HP: 18/31 MP: 1/9
  2702 | D:3      | Noticed Natasha
  2710 | D:3      | Killed Natasha
  3169 | D:3      | Learned a level 4 spell: Condensation Shield
  3540 | D:3      | Reached XP level 6. HP: 33/36 MP: 6/10
  3668 | D:3      | Noticed Natasha
  3673 | D:3      | Killed Natasha
  3727 | D:3      | Noticed Absynth's ghost (average DrCj)
  4222 | D:3      | Noticed Natasha
  4225 | D:3      | Killed Natasha
  4271 | D:3      | Noticed Crazy Yiuf
  4281 | D:3      | Killed Crazy Yiuf
  4815 | D:4      | Reached skill level 5 in Charms
  4932 | D:4      | Got an encrusted long sword
  4945 | D:4      | Identified the +9 long sword of Propriety {slice, rElec Dex+4} (You found it on level 4 of the Dungeon)
  4962 | D:4      | Reached skill level 5 in Ice Magic
  5256 | D:4      | Reached XP level 7. HP: 33/41 MP: 4/12
  5421 | D:4      | Found a bloodstained altar of Trog.
  5551 | D:4      | Found Kidieril's General Store.
  5621 | D:5      | Entered Level 5 of the Dungeon
  5621 | D:5      | Noticed Eustachio
  5679 | D:5      | Noticed Ijyb
  5686 | D:5      | Killed Ijyb
  5686 | D:5      | Reached skill level 6 in Ice Magic
  6030 | D:5      | Killed Eustachio
  6030 | D:5      | Reached skill level 7 in Ice Magic
  6090 | D:5      | Noticed Blork the orc
  6103 | D:5      | Killed Blork the orc
  6514 | D:6      | Reached XP level 8. HP: 41/46 MP: 9/13
  6601 | D:6      | Reached skill level 8 in Ice Magic
  6864 | D:6      | Reached skill level 9 in Ice Magic
  7007 | D:6      | Found a staircase to the Ecumenical Temple.
  7017 | Temple   | Entered the Ecumenical Temple
  7187 | Temple   | Became a worshipper of Dithmenos the Shadowed
  7231 | D:6      | Reached skill level 1 in Fighting
  7458 | D:7      | Found a glowing golden altar of the Shining One.
  7463 | D:7      | Found an opulent altar of Gozag.
  7463 | D:7      | Found a shimmering altar of Xom.
  7464 | D:7      | Found a radiant altar of Vehumet.
  7470 | D:7      | Found a blossoming altar of Fedhas.
  7486 | D:7      | Noticed Edmund
  7503 | D:7      | Killed Edmund
  7716 | D:7      | Reached XP level 9. HP: 53/55 MP: 10/14
  8489 | D:8      | Found a snail-covered altar of Cheibriados.
  8612 | D:8      | Noticed ConnectionFaild's ghost (experienced SpAr)
  8651 | D:8      | Reached skill level 10 in Ice Magic
  9226 | D:9      | Reached skill level 5 in Dodging
  9574 | D:9      | Reached XP level 10. HP: 45/65 MP: 12/16
  9698 | D:9      | Found a staircase to the Lair.
  9738 | D:9      | Found a stormy altar of Qazlal.
  9865 | D:9      | Found a staircase to the Orcish Mines.
  9957 | D:9      | Found a burning altar of Makhleb.
 10068 | D:9      | Reached skill level 5 in Fighting
 10350 | D:9      | Found Yfa Grai's Gadget Shoppe.
 10719 | D:9      | Acquired Dithmenos' first power
 12326 | Lair:1   | Entered Level 1 of the Lair of Beasts
 12478 | D:9      | Reached skill level 11 in Ice Magic
 12742 | D:9      | Quit the game

Action                   |  1- 3 |  4- 6 |  7- 9 | 10-12 || total
-------------------------+-------+-------+-------+-------++-------
Melee: Unarmed           |     2 |       |       |       ||     2
       Club              |    25 |       |       |       ||    25
       Mace              |     3 |   128 |       |       ||   131
       Long sword        |       |    26 |   186 |   134 ||   346
       Dagger            |       |       |       |    33 ||    33
       Trident           |       |       |       |    11 ||    11
 Fire: Blowgun           |       |       |    30 |    31 ||    61
       Hunting sling     |       |       |     3 |     1 ||     4
Throw: Stone             |       |     3 |       |       ||     3
 Cast: Freeze            |    47 |    19 |     3 |       ||    69
       Ozocubu's Armour  |     1 |    13 |    28 |    20 ||    62
       Condensation Shie |       |       |     8 |    11 ||    19
  Use: Scroll            |       |     2 |     3 |     1 ||     6
       Potion            |       |       |       |     1 ||     1
 Stab: Sleeping          |     2 |     7 |    23 |       ||    32
       Distracted        |       |     1 |     1 |     4 ||     6
  Eat: Chunk             |     3 |    14 |    16 |    15 ||    48
       Fruit             |       |       |     3 |     1 ||     4
